 Dungeon Crawl Stone Soup version 0.29-a0-323-g050149af67 (webtiles) character file.

Game seed: 3202398501588161315

157 Jortsu the Skirmisher (level 5, -3/42 HPs)
             Began as a Demonspawn Fighter on Apr 12, 2022.
             Slain by Sigmund
             ... wielding a +7 scythe of venom
              (5 damage)
             ... on level 3 of the Dungeon.
             The game lasted 00:04:41 (2993 turns).

Jortsu the Skirmisher (Demonspawn Fighter)          Turns: 2993, Time: 00:04:41

Health: -3/42      AC:  6    Str: 18    XL:     5   Next: 15%
Magic:  5/5        EV:  9    Int: 10    God:
Gold:   53         SH:  0    Dex: 12    Spells: 4/4 levels left

rFire   . . .      SeeInvis .   a - +1 war axe (flame)
rCold   . . .      Faith    .   c - +0 buckler
rNeg    . . .      Spirit   .   b - +0 scale mail
rPois   +          Reflect  .   (helmet restricted)
rElec   .          Harm     .   (no cloak)
rCorr   .          Rampage  .   (no gloves)
Will    .....                   (no boots)
Stlth   ..........              (no amulet)
HPRegen 0.14/turn               k - ring of poison resistance
MPRegen 0.09/turn               v - ring of flight

@: confused, mighty, lethally poisoned (-3 -> -4), flying
A: antennae 2, demonic guardian 1
a: no special abilities


You were on level 3 of the Dungeon.
You visited 1 branch of the dungeon, and saw 3 of its levels.

You collected 53 gold pieces.

Inventory:

Hand Weapons
 a - a +1 war axe of flaming (weapon)
Armour
 b - a +0 scale mail (worn)
 c - a +0 buckler (worn)
Jewellery
 k - a ring of poison resistance (left hand)
 n - a ring of wizardry
 v - a ring of flight (right hand)
Scrolls
 i - a scroll of enchant weapon
 j - 4 scrolls of teleportation
 l - 2 scrolls of brand weapon
 o - 2 scrolls of blinking
Potions
 d - a potion of might
 e - a potion of magic {unknown}
 f - a potion of invisibility {unknown}
 g - 2 potions of haste
 m - a potion of mutation {unknown}
 q - a potion of curing {unknown}
 r - a potion of degeneration {unknown}
 s - a potion of lignification


   Skills:
 + Level 4.1 Fighting
 + Level 3.1 Axes
 + Level 2.9 Armour
 + Level 1.3 Dodging
 + Level 0.2 Stealth
 + Level 3.2 Shields


You had 4 spell levels left.
You didn't know any spells.
Your spell library was empty.

Dungeon Overview and Level Annotations

Branches:
Dungeon (3/15)

Altars:

Annotations:
D:3 Sigmund


Innate Abilities, Weirdness & Mutations

You have a pair of antennae on your head.
A weak demonic guardian rushes to your aid.


Message History

You slash the orc! You burn the orc.
You kill the orc!
You block the orc's attack.
You slash the orc! You burn the orc.
You kill the orc!
Items here: )))) [[[ †.
There is a stone staircase leading down here.
You start resting.
HP restored.
You feel very mighty all of a sudden.
You fly downwards.
Level annotation: Sigmund
There is a stone staircase leading up here.
Found a fizzy cyan potion and 2 potions of might.
Sigmund hits you from afar with a +7 scythe of venom!
A demonic guardian appears!
You are poisoned.
You feel sick.
Sigmund hits you with a +7 scythe of venom!
You closely miss Sigmund.
You feel sick.
You slash Sigmund! You burn Sigmund.
Sigmund is severely wounded.
You feel sick.
Sigmund hits you with a +7 scythe of venom!
* * * LOW HITPOINT WARNING * * *
Your white imp closely misses Sigmund.
You barely miss Sigmund.
Sigmund is severely wounded.
* * * LOW HITPOINT WARNING * * *
You feel sick. Sigmund casts a spell at you.
You are confused.
Your white imp hits Sigmund.
Your white imp freezes Sigmund.
Sigmund mumbles some strange words.
Sigmund flickers and vanishes!
Deactivating autopickup; reactivate with Ctrl-A.
You bump into the rock wall.
* * * LOW HITPOINT WARNING * * *
You feel sick. Something hits you.
You die...

# ###### #.
#....#
#.##....#
#.......#
#.[.....#
#.......#
#.......#
#..5..<.#
#..{@...#
.......#####
.......
.......
.....!.
....!..
.......
.......


You could see a friendly white imp (summoned).

Vanquished Creatures
  Jessica (D:2)
  Robin (D:2)
  3 adders (D:2)
  A worm (D:2)
  2 dart slugs (D:1)
  3 orcs (D:2)
  4 bats (D:1)
  An endoplasm (D:2)
  2 giant cockroaches
  14 goblins
  9 hobgoblins
  14 jackals
  2 quokkas (D:1)
  6 ball pythons
  A frilled lizard (D:2)
  6 kobolds
  7 rats
77 creatures vanquished.

Vanquished Creatures (collateral kills)
  A ball python (D:1)
1 creature vanquished.

Grand Total: 78 creatures vanquished

Notes
Turn   | Place    | Note
-------+----------+-------------------------------------------
     0 | D:1      | Jortsu the Demonspawn Fighter began the quest for the Orb.
     0 | D:1      | Reached XP level 1. HP: 18/18 MP: 1/1
   181 | D:1      | Gained mutation: A weak demonic guardian rushes to your
                  | aid. [demonic ancestry]
   181 | D:1      | Reached XP level 2. HP: 12/24 MP: 2/2
   714 | D:1      | Gained mutation: You have a pair of small antennae on your
                  | head. [demonic ancestry]
   714 | D:1      | Reached XP level 3. HP: 15/29 MP: 3/3
  1618 | D:2      | Reached skill level 1 in Dodging
  1640 | D:2      | Reached XP level 4. HP: 36/36 MP: 4/4
  1642 | D:2      | Noticed Robin
  1841 | D:2      | Killed Robin
  2116 | D:2      | Noticed Jessica
  2126 | D:2      | Killed Jessica
  2127 | D:2      | Reached skill level 4 in Fighting
  2239 | D:2      | Gained mutation: You have a pair of antennae on your head.
                  | [demonic ancestry]
  2239 | D:2      | Reached XP level 5. HP: 42/42 MP: 5/5
  2698 | D:3      | Noticed Sigmund
  2993 | D:3      | HP: 2/42 [poisoned by Sigmund]
  2993 | D:3      | Slain by Sigmund

Illustrated notes

Levels and vault maps discovered:
D:1:      dpeg_arrival_rooms_c, layout_basic, serial_glass, glass_columns_c,
          glass_columns_a, feat_on_display, item_on_display_a, item_on_display_a
D:2:      layout_loops_ring, uniq_jessica, uniq_robin
D:3:      layout_basic, hellmonk_ecumenical_altar_defaced_shrine,
          minmay_snake_closets, uniq_sigmund, uniq_terence

Skill      XL: |  1  2  3  4 |
---------------+-------------+-----
Axes           | 2 3 |  3.1
Dodging        | 1 |  1.3
Shields        | 3 |  3.2
Fighting       | 4 |  4.1
Armour         | |  2.9
Stealth        | |  0.2

Action                   |  1- 3 |  4- 6 || total
-------------------------+-------+-------++-------
Melee: War axe           |   124 |    76 ||   200
  Use: Scroll            |     5 |     4 ||     9
       Potion            |       |     1 ||     1
Armor: Scale mail        |    89 |    36 ||   125
Dodge: Dodged            |    69 |    44 ||   113
Block: Buckler           |    39 |    14 ||    53

Table legend: (Time is in decaauts)
 A = Elapsed time spent in this place.
 B = Non-inter-level travel time spent in this place.
 C = Inter-level travel time spent in this place.
 D = Time resting spent in this place.
 E = Time spent auto-exploring this place.
 F = Levels seen in this place.
 G = Mean time per level.
                   A        B        C        D        E       F      G
               +--------+--------+--------+--------+--------+-----+--------+
         Total |   3080 |   3043 |     37 |   1203 |   1161 |   3 | 1026.7 |
       Dungeon |   3080 |   3043 |     37 |   1203 |   1161 |   3 | 1026.7 |
               +--------+--------+--------+--------+--------+-----+--------+

Top non-repeatable levels by time:
     D:2: 1484 daAuts
     D:1: 1410 daAuts
     D:3: 184 daAuts
